| TOP OF THE 1ST |
|
Salem-Keizer Volcanoes batting - Pitching for Williamsport Crosscutters : LHP Mario Arango
|
|
Pitching: LHP Mario Arango
|
|
|
Batting: RHB Nick Wicker
|
0-0: Called Strike 0-1: Ball 1-1: Swinging Strike 1-2: Ball 2-2: Strikes out swinging
|
|
Batting: RHB Jonathan Reece
|
0-0: Ball 1-0: Ball 2-0: Ball 3-0: Base on Balls
|
|
Batting: RHB Jason Gregor
|
0-0: Called Strike 0-1: Ball 1-1: Fielders Choice at 2nd, 5-4 (Groundball, 56, EV 110.6 MPH)
|
|
Batting: RHB Ian Richardson
|
0-0: Fly out, F9 (Flyball, 9LM, EV 92.5 MPH)
|
| Top of the 1st over - 0 runs, 0 hits, 0 errors, 1 left on base; Salem-Keizer 0 - Williamsport 0 |
| BOTTOM OF THE 1ST |
|
Williamsport Crosscutters batting - Pitching for Salem-Keizer Volcanoes : RHP Pat Wiggins
|
|
Pitching: RHP Pat Wiggins
|
|
|
Batting: LHB Jonathan Roman
|
0-0: Ball 1-0: Called Strike 1-1: Fly out, F8 (Flyball, 8RD, EV 93.8 MPH)
|
|
Batting: RHB Trent Hedrick
|
0-0: Ball 1-0: Foul Ball, location: 2F 1-1: Ball 2-1: Ball 3-1: Foul Ball, location: 2F 3-2: SINGLE (Groundball, 34D, EV 108.1 MPH)
|
|
Batting: RHB Tony Perez
|
0-0: Fly out, F6 (Popup, 6M, EV 73.1 MPH)
|
|
Batting: LHB Eric Farren
|
0-0: Ball 1-0: Ball 2-0: Called Strike 2-1: Called Strike 2-2: Ball 3-2: Foul Ball, location: 2F 3-2: Strikes out looking
|
| Bottom of the 1st over - 0 runs, 1 hit, 0 errors, 1 left on base; Salem-Keizer 0 - Williamsport 0 |
| TOP OF THE 2ND |
|
Salem-Keizer Volcanoes batting - Pitching for Williamsport Crosscutters : LHP Mario Arango
|
|
Batting: RHB Matt Shepard
|
0-0: Called Strike 0-1: Ball 1-1: Foul Ball, location: 2F 1-2: Ball 2-2: Foul Ball, location: 2F 2-2: Strikes out swinging
|
|
Batting: LHB John Whitman
|
0-0: Foul Ball, location: 2F 0-1: Ball 1-1: Swinging Strike 1-2: Ball 2-2: Strikes out swinging
|
|
Batting: RHB Devin Lowery
|
0-0: Ball 1-0: Called Strike 1-1: Called Strike 1-2: Ball 2-2: Foul Ball, location: 2F 2-2: Foul Ball, location: 2F 2-2: Strikes out swinging
|
| Top of the 2nd over - 0 runs, 0 hits, 0 errors, 0 left on base; Salem-Keizer 0 - Williamsport 0 |
| BOTTOM OF THE 2ND |
|
Williamsport Crosscutters batting - Pitching for Salem-Keizer Volcanoes : RHP Pat Wiggins
|
|
Batting: RHB Bryan Alfaro
|
0-0: Ball 1-0: Called Strike 1-1: Ball 2-1: Swinging Strike 2-2: Foul Ball, location: 2F 2-2: SINGLE (Groundball, 56S, EV 70.6 MPH) (infield hit)
|
|
Batting: RHB Dave Gallegos
|
0-0: Ball 1-0: Foul Ball, location: 2F 1-1: Swinging Strike 1-2: Ball 2-2: Ball 3-2: Strikes out swinging
|
|
Batting: RHB Juan Valadez
|
0-0: Ball 1-0: Called Strike Bryan Alfaro steals 2nd, throwing error, E2 Bryan Alfaro to third 1-1: SINGLE (Groundball, 56, EV 105.0 MPH) Bryan Alfaro scores
|
|
Batting: SHB Steve DeRienzo
|
0-0: Fielders Choice at 2nd, 1-6 (Groundball, 13S, EV 68.8 MPH)
|
|
Batting: RHB Marcus Carter
|
0-0: Called Strike Steve DeRienzo is caught stealing 2nd base 2-4
|
| Bottom of the 2nd over - 1 run, 2 hits, 1 error, 0 left on base; Salem-Keizer 0 - Williamsport 1 |
| TOP OF THE 3RD |
|
Salem-Keizer Volcanoes batting - Pitching for Williamsport Crosscutters : LHP Mario Arango
|
|
Batting: RHB John Tyra
|
0-0: Ball 1-0: Foul Ball, location: 2F 1-1: Foul Ball, location: 2F 1-2: Ball 2-2: Ball 3-2: Foul Ball, location: 2F 3-2: Ground out 3-1 (Groundball, 34, EV 100.6 MPH)
|
|
Batting: RHB Ed Broomhead
|
0-0: Called Strike 0-1: Ground out 4-3 (Groundball, 4, EV 92.5 MPH)
|
|
Batting: RHB Nick Wicker
|
0-0: Called Strike 0-1: Ball 1-1: Ball 2-1: Foul Ball, location: 2F 2-2: Fly out, F9 (Line Drive, 89M, EV 96.9 MPH)
|
| Top of the 3rd over - 0 runs, 0 hits, 0 errors, 0 left on base; Salem-Keizer 0 - Williamsport 1 |
| BOTTOM OF THE 3RD |
|
Williamsport Crosscutters batting - Pitching for Salem-Keizer Volcanoes : RHP Pat Wiggins
|
|
Batting: RHB Marcus Carter
|
0-0: Ball 1-0: Ball 2-0: Ball 3-0: Called Strike 3-1: Ground out 4-3 (Groundball, 4, EV 102.5 MPH)
|
|
Batting: LHB Jonathan Roman
|
0-0: Called Strike 0-1: Called Strike 0-2: Ball 1-2: Ball 2-2: Ball 3-2: Base on Balls
|
|
Batting: RHB Trent Hedrick
|
0-0: SINGLE (Groundball, 56S, EV 66.9 MPH) (infield hit) Jonathan Roman to second
|
|
Batting: RHB Tony Perez
|
0-0: Ball 1-0: Ball 2-0: Ball 3-0: Called Strike 3-1: Swinging Strike 3-2: Base on Balls Jonathan Roman to third Trent Hedrick to second
|
|
Batting: LHB Eric Farren
|
0-0: Ball 1-0: Ball 2-0: Called Strike 2-1: Swinging Strike 2-2: Ball 3-2: Base on Balls Jonathan Roman scores Trent Hedrick to third Tony Perez to second
|
|
Batting: RHB Bryan Alfaro
|
0-0: Ball 1-0: Ball 2-0: Called Strike 2-1: Foul Ball, location: 2F 2-2: Foul Ball, location: 2F 2-2: Ball 3-2: Base on Balls Trent Hedrick scores Tony Perez to third Eric Farren to second
|
|
Batting: RHB Dave Gallegos
|
0-0: Foul Ball, location: 2F 0-1: Ball 1-1: SINGLE (Groundball, 34S, EV 75.0 MPH) (infield hit) Tony Perez scores Eric Farren to third Bryan Alfaro to second
|
|
Batting: RHB Juan Valadez
|
0-0: Fly out, F8 (Flyball, 8RM, EV 91.9 MPH) Runner from 3rd tags up, OUT at HOME! 8-2
|
| Bottom of the 3rd over - 3 runs, 2 hits, 0 errors, 2 left on base; Salem-Keizer 0 - Williamsport 4 |
| TOP OF THE 4TH |
|
Salem-Keizer Volcanoes batting - Pitching for Williamsport Crosscutters : LHP Mario Arango
|
|
Batting: RHB Jonathan Reece
|
0-0: Called Strike 0-1: Ball 1-1: Ball 2-1: Foul Ball, location: 2F 2-2: Strikes out swinging
|
|
Batting: RHB Jason Gregor
|
0-0: Ground out 5-3 (Groundball, 5, EV 89.4 MPH)
|
|
Batting: RHB Ian Richardson
|
0-0: Called Strike 0-1: Foul Ball, location: 2F 0-2: Strikes out swinging
|
| Top of the 4th over - 0 runs, 0 hits, 0 errors, 0 left on base; Salem-Keizer 0 - Williamsport 4 |
| BOTTOM OF THE 4TH |
|
Williamsport Crosscutters batting - Pitching for Salem-Keizer Volcanoes : RHP Pat Wiggins
|
|
Batting: SHB Steve DeRienzo
|
0-0: Ball 1-0: Ball 2-0: Ball 3-0: Base on Balls
|
|
Batting: RHB Marcus Carter
|
0-0: Ball 1-0: Called Strike Steve DeRienzo is caught stealing 2nd base 2-4 1-1: DOUBLE (Flyball, 89XD, EV 106.2 MPH)
|
|
Pitching: RHP Lee Chamness
|
|
|
Batting: LHB Jonathan Roman
|
0-0: Ball Marcus Carter steals 3rd base 1-0: Called Strike 1-1: Foul Ball, location: 2F 1-2: Strikes out swinging
|
|
Batting: RHB Trent Hedrick
|
0-0: Foul Ball, location: 2F 0-1: Ball 1-1: Ball 2-1: Called Strike 2-2: Ball 3-2: Base on Balls
|
|
Batting: RHB Tony Perez
|
0-0: Called Strike 0-1: Called Strike 0-2: Strikes out swinging
|
| Bottom of the 4th over - 0 runs, 1 hit, 0 errors, 2 left on base; Salem-Keizer 0 - Williamsport 4 |
| TOP OF THE 5TH |
|
Salem-Keizer Volcanoes batting - Pitching for Williamsport Crosscutters : LHP Mario Arango
|
|
Batting: RHB Matt Shepard
|
0-0: Fly out, F9 (Flyball, 9, EV 90.0 MPH)
|
|
Batting: LHB John Whitman
|
0-0: Foul Ball, location: 2F 0-1: Swinging Strike 0-2: Strikes out swinging
|
|
Batting: RHB Devin Lowery
|
0-0: Ball 1-0: Called Strike 1-1: Swinging Strike 1-2: Strikes out swinging
|
| Top of the 5th over - 0 runs, 0 hits, 0 errors, 0 left on base; Salem-Keizer 0 - Williamsport 4 |
| BOTTOM OF THE 5TH |
|
Williamsport Crosscutters batting - Pitching for Salem-Keizer Volcanoes : RHP Lee Chamness
|
|
Batting: LHB Eric Farren
|
0-0: SINGLE (Groundball, 34D, EV 99.4 MPH)
|
|
Batting: RHB Bryan Alfaro
|
0-0: Ball 1-0: Ball 2-0: Ball 3-0: Called Strike 3-1: Called Strike 3-2: Strikes out swinging Eric Farren steals 2nd base Batter strikes out.
|
|
Batting: RHB Dave Gallegos
|
0-0: Called Strike 0-1: Swinging Strike 0-2: Ground out 4-3 (Groundball, 34, EV 78.8 MPH) Eric Farren to third
|
|
Batting: RHB Juan Valadez
|
0-0: Called Strike 0-1: Ball 1-1: Called Strike 1-2: Strikes out swinging
|
| Bottom of the 5th over - 0 runs, 1 hit, 0 errors, 1 left on base; Salem-Keizer 0 - Williamsport 4 |
| TOP OF THE 6TH |
|
Salem-Keizer Volcanoes batting - Pitching for Williamsport Crosscutters : LHP Mario Arango
|
|
Batting: RHB John Tyra
|
0-0: Ball 1-0: Foul Ball, location: 2F 1-1: Foul Ball, location: 2F 1-2: Ball 2-2: SINGLE (Groundball, 56D, EV 107.5 MPH)
|
|
Batting: RHB Ed Broomhead
|
0-0: Foul Ball, location: 2F 0-1: Ball 1-1: Ground out 5-3 (Groundball, 56S, EV 72.5 MPH) John Tyra to second
|
|
Batting: RHB Nick Wicker
|
0-0: Ball 1-0: Ball 2-0: Foul Ball, location: 2F 2-1: Ball 3-1: Called Strike 3-2: Ground out U3 (Groundball, 34, EV 88.8 MPH) John Tyra to third
|
|
Batting: RHB Jonathan Reece
|
0-0: Ball 1-0: Ground out 1-3 (Groundball, 13, EV 66.9 MPH)
|
| Top of the 6th over - 0 runs, 1 hit, 0 errors, 1 left on base; Salem-Keizer 0 - Williamsport 4 |
| BOTTOM OF THE 6TH |
|
Williamsport Crosscutters batting - Pitching for Salem-Keizer Volcanoes : RHP Lee Chamness
|
|
Batting: SHB Steve DeRienzo
|
0-0: Ball 1-0: Foul Ball, location: 2F 1-1: Swinging Strike 1-2: Ball 2-2: Foul Ball, location: 2F 2-2: Strikes out looking
|
|
Batting: RHB Marcus Carter
|
0-0: Ball 1-0: Ground out 4-3 (Groundball, 4, EV 86.2 MPH)
|
|
Batting: LHB Jonathan Roman
|
0-0: Called Strike 0-1: Ball 1-1: Ball 2-1: Ball 3-1: Foul Ball, location: 2F 3-2: Strikes out swinging
|
| Bottom of the 6th over - 0 runs, 0 hits, 0 errors, 0 left on base; Salem-Keizer 0 - Williamsport 4 |
| TOP OF THE 7TH |
|
Salem-Keizer Volcanoes batting - Pitching for Williamsport Crosscutters : LHP Mario Arango
|
|
Batting: RHB Jason Gregor
|
0-0: Called Strike 0-1: Called Strike 0-2: Strikes out swinging
|
|
Batting: RHB Ian Richardson
|
0-0: Ball 1-0: Ball 2-0: Ball 3-0: Base on Balls
|
|
Batting: RHB Matt Shepard
|
0-0: Called Strike Ian Richardson steals 2nd base 0-1: Ball 1-1: Fly out, F8 (Flyball, 8LM, EV 83.8 MPH)
|
|
Batting: LHB John Whitman
|
0-0: Ball 1-0: Called Strike 1-1: Foul Ball, location: 2F 1-2: Ball 2-2: Foul Ball, location: 2F 2-2: Strikes out looking
|
| Top of the 7th over - 0 runs, 0 hits, 0 errors, 1 left on base; Salem-Keizer 0 - Williamsport 4 |
| BOTTOM OF THE 7TH |
|
Williamsport Crosscutters batting - Pitching for Salem-Keizer Volcanoes : RHP Lee Chamness
|
|
Pitching: RHP Hiroaki Yazawa
|
|
|
Batting: RHB Trent Hedrick
|
0-0: Called Strike 0-1: Swinging Strike 0-2: Foul Ball, location: 2F 0-2: Ball 1-2: Ball 2-2: Ball 3-2: Strikes out looking
|
|
Batting: RHB Tony Perez
|
0-0: Ball 1-0: SINGLE (Line Drive, 78S, EV 95.0 MPH)
|
|
Batting: LHB Eric Farren
|
0-0: Ball Wild Pitch! Tony Perez to second 1-0: Ground out 5-3 (Groundball, 5, EV 83.8 MPH)
|
|
Batting: RHB Bryan Alfaro
|
0-0: Called Strike 0-1: Called Strike Passed Ball! Tony Perez to third 0-2: Ball 1-2: Strikes out swinging
|
| Bottom of the 7th over - 0 runs, 1 hit, 0 errors, 1 left on base; Salem-Keizer 0 - Williamsport 4 |
| TOP OF THE 8TH |
|
Salem-Keizer Volcanoes batting - Pitching for Williamsport Crosscutters : LHP Mario Arango
|
|
Pitching: LHP Bobby Enright
|
|
|
Batting: RHB Devin Lowery
|
0-0: Ball 1-0: Ball 2-0: Ball 3-0: Base on Balls
|
|
Batting: RHB John Tyra
|
0-0: Swinging Strike 0-1: Ball 1-1: Called Strike 1-2: Ball 2-2: Ball 3-2: Base on Balls Devin Lowery to second
|
|
Batting: RHB Ed Broomhead
|
0-0: Ball 1-0: Ball 2-0: Called Strike 2-1: Foul Ball, location: 2F 2-2: Strikes out swinging
|
|
Batting: RHB Nick Wicker
|
0-0: Ball 1-0: Called Strike 1-1: Swinging Strike 1-2: Hit by Pitch Devin Lowery to third John Tyra to second
|
|
Batting: RHB Jonathan Reece
|
0-0: Ball Wild Pitch! Devin Lowery scores John Tyra to third Nick Wicker to second 1-0: Ball 2-0: Ball 3-0: Called Strike 3-1: Base on Balls
|
|
Batting: RHB Jason Gregor
|
0-0: Called Strike 0-1: Swinging Strike 0-2: Ball 1-2: Grounds into fielders choice 6-2 (Groundball, 6, EV 86.2 MPH) Nick Wicker to third Jonathan Reece to second
|
|
Batting: RHB Ian Richardson
|
0-0: Ball 1-0: Foul Ball, location: 2F 1-1: Hit by Pitch Nick Wicker scores Jonathan Reece to third Jason Gregor to second
|
|
Batting: RHB Matt Shepard
|
0-0: Foul Ball, location: 2F 0-1: Ball 1-1: Ball 2-1: Foul Ball, location: 2F 2-2: Ball 3-2: SINGLE (Groundball, 56D, EV 105.6 MPH) Jonathan Reece scores Jason Gregor to third Ian Richardson to second Jason Gregor scores Ian Richardson to third
|
|
Pitching: LHP Jose Diaz
|
|
|
Batting: RHB Sam Smith
|
0-0: Ball 1-0: Ball 2-0: Swinging Strike 2-1: Ball 3-1: Fly out, F5 (Popup, 5S, EV 69.4 MPH)
|
| Top of the 8th over - 4 runs, 1 hit, 0 errors, 2 left on base; Salem-Keizer 4 - Williamsport 4 |
| BOTTOM OF THE 8TH |
|
Williamsport Crosscutters batting - Pitching for Salem-Keizer Volcanoes : RHP Hiroaki Yazawa
|
|
Pitching: RHP Kevin Spencer
|
|
|
Pinch Hitting: LHB Matt Calitri
|
0-0: Ball 1-0: Swinging Strike 1-1: Ball 2-1: Swinging Strike 2-2: Strikes out swinging, 2-3 out at first.
|
|
Pinch Hitting: SHB Brendan Bundy
|
0-0: Called Strike 0-1: Ball 1-1: Ball 2-1: Ball 3-1: Foul Ball, location: 2F 3-2: Base on Balls
|
|
Batting: SHB Steve DeRienzo
|
|
|
Pinch Hitting: RHB Tak-keung Chieu
|
0-0: Foul Ball, location: 2F 0-1: DOUBLE (Flyball, 8RXD, EV 96.2 MPH) Brendan Bundy to third
|
|
Pinch Hitting: LHB Brent Dutcher
|
0-0: Foul Ball, location: 2F 0-1: Ball 1-1: Foul Ball, location: 2F 1-2: Ball 2-2: Foul Ball, location: 2F 2-2: SINGLE (Groundball, 4MD, EV 93.8 MPH) (infield hit) Brendan Bundy scores Tak-keung Chieu to third
|
|
Batting: LHB Jonathan Roman
|
0-0: Hit by Pitch Brent Dutcher to second
|
|
Batting: RHB Trent Hedrick
|
0-0: Ball 1-0: TRIPLE (Flyball, 78XD, EV 105.6 MPH) Tak-keung Chieu scores Brent Dutcher scores Jonathan Roman scores
|
|
Pitching: RHP Dylan Mosley
|
|
|
Batting: RHB Tony Perez
|
0-0: Foul Ball, location: 2F 0-1: Swinging Strike 0-2: Strikes out swinging
|
|
Batting: LHB Eric Farren
|
0-0: Ball 1-0: Ball 2-0: Called Strike 2-1: Swinging Strike 2-2: Ball 3-2: Foul Ball, location: 2F 3-2: Base on Balls
|
|
Batting: RHB Bryan Alfaro
|
0-0: Ball 1-0: Ball 2-0: Called Strike 2-1: Swinging Strike 2-2: Ball 3-2: Base on Balls Eric Farren to second
|
|
Batting: LHB Matt Calitri
|
0-0: Foul Ball, location: 2F 0-1: Swinging Strike 0-2: Ball 1-2: Foul Ball, location: 2F 1-2: Ball 2-2: Ball 3-2: Strikes out swinging
|
| Bottom of the 8th over - 4 runs, 3 hits, 0 errors, 3 left on base; Salem-Keizer 4 - Williamsport 8 |
| TOP OF THE 9TH |
|
Salem-Keizer Volcanoes batting - Pitching for Williamsport Crosscutters : LHP Jose Diaz
|
|
Now at 2B: Brent Dutcher
|
|
|
Now at 3B: Robby Adair
|
|
|
Now at SS: Eric Farren
|
|
|
Now in CF: Brendan Bundy
|
|
|
Now in RF: Matt Calitri
|
|
|
Batting: RHB Devin Lowery
|
0-0: Ball 1-0: Ball 2-0: Ball 3-0: Base on Balls
|
|
Batting: RHB John Tyra
|
0-0: 2-RUN HOME RUN (Flyball, 89XD, EV 107.5 MPH), Distance : 412 ft
|
|
Batting: RHB Ed Broomhead
|
0-0: Ball 1-0: Foul Ball, location: 2F 1-1: Ground out 4-3 (Groundball, 4, EV 83.8 MPH)
|
|
Batting: RHB Nick Wicker
|
0-0: Called Strike 0-1: Ball 1-1: Ground out 1-3 (Groundball, 13S, EV 73.8 MPH)
|
|
Batting: RHB Jonathan Reece
|
0-0: Called Strike 0-1: Ball 1-1: Foul Ball, location: 2F 1-2: Ball 2-2: SOLO HOME RUN (Flyball, 78XD, EV 108.1 MPH), Distance : 416 ft
|
|
Pitching: LHP Cody Bodenhamer
|
|
|
Batting: RHB Jason Gregor
|
0-0: SINGLE (Groundball, 15S, EV 71.9 MPH) (infield hit)
|
|
Batting: RHB Ian Richardson
|
0-0: Ball 1-0: Foul Ball, location: 2F 1-1: Swinging Strike 1-2: Foul Ball, location: 2F 1-2: Strikes out swinging
|
| Top of the 9th over - 3 runs, 3 hits, 0 errors, 1 left on base; Salem-Keizer 7 - Williamsport 8 |
|